 Dungeon Crawl Stone Soup version 0.30-a0-603-g51a0fb1b98 (webtiles) character file.

Game seed: 943238159569621182

262 HoaS the Shooter (level 6, -5/35 HPs)
             Began as a Gargoyle Hunter on Jan 7, 2023.
             Slain by Menkaure (16 damage)
             ... on level 4 of the Dungeon.
             The game lasted 00:06:37 (3774 turns).

HoaS the Shooter (Gargoyle Hunter)                  Turns: 3774, Time: 00:06:38

Health: -5/35      AC: 11    Str: 15    XL:     6   Next: 18%
Magic:  6/6        EV: 11    Int:  9    God:
Gold:   153        SH:  0    Dex: 15    Spells: 5/5 levels left

rFire   . . .      SeeInvis +    a - +0 shortbow (chaos)
rCold   . . .      Faith    .    (shield currently unavailable)
rNeg    + . .      Spirit   .    c - +0 leather armour
rPois   ∞          Reflect  .    (no helmet)
rElec   +          Harm     .    e - +0 cloak
rCorr   .          Rampage  .    g - +2 pair of gloves
Will    .....                    (no boots)
Stlth   ++                       (no amulet)
HPRegen 0.25/turn                k - ring of see invisible
MPRegen 0.10/turn                (no ring)

@: no status effects
A: sickness immunity, AC +4, negative energy resistance 1, electricity
resistance, torment resistance 1, petrification resistance
a: no special abilities


You were on level 4 of the Dungeon.
You visited 1 branch of the dungeon, and saw 4 of its levels.

You collected 153 gold pieces.

Inventory:

Hand Weapons
 a - a +0 shortbow of chaos (weapon)
Missiles
 j - 2 throwing nets
Armour
 c - a +0 leather armour (worn)
 e - a +0 cloak (worn)
 g - a +2 pair of gloves (worn)
Jewellery
 k - a ring of see invisible (left hand)
Scrolls
 b - a scroll of immolation
 d - 2 scrolls of identify
 h - a scroll of teleportation
Potions
 f - 3 potions of curing
 i - a potion of flight


   Skills:
 - Level 2.1 Fighting
 + Level 7.3 Ranged Weapons
 - Level 1.5 Dodging
 - Level 1.1 Stealth


You had 5 spell levels left.
You didn't know any spells.
Your spell library contained the following spells:

 Spells                   Type           Power      Damage    Failure   Level
 Shock                    Conj/Air       0%         1d3       45%         1
 Swiftness                Air            0%         N/A       83%         3
 Airstrike                Air            0%         2d(0-16)  99%         4


Dungeon Overview and Level Annotations

Branches:
Dungeon (4/15)
 Temple: D:4-7

Altars:

Shops:
D:1 ?

Annotations:
D:4 Menkaure


Innate Abilities, Weirdness & Mutations

You are immune to sickness and miasma.
Your stone body is resilient. (AC +4)
You are immune to poison.
You resist negative energy. (rN+)
You are resistant to electric shocks. (rElec)
You are resistant to unholy torment.
You are immune to petrification.


Message History

You shoot an arrow. The arrow hits the fungus.
The arrow freezes the fungus.
The fungus is lightly damaged.
A nearby fungus withers and dies.
You shoot an arrow. The arrow hits the kobold.
You kill the kobold!
You shoot an arrow. You shoot an arrow. You shoot an arrow. You shoot an arrow.
j - 2 throwing nets
Found a pair of gloves.
k - a ring of see invisible
k - a ring of see invisible (left hand)
You see here a +0 pair of gloves.
Things that are here:
a +0 dagger; 5 stones
Found a great sword.
You see here a +0 great sword.
There is a stone staircase leading up here.
Found a stone staircase leading down.
You see here a +0 mace.
Menkaure, Prince of Dust comes into view.
Menkaure shouts!
Menkaure calls on the powers of darkness!
Your body is wracked with pain!
Menkaure casts a spell at you. Pain shoots through your body!
You shoot an arrow. The arrow hits Menkaure.
The arrow burns Menkaure.
Menkaure is lightly damaged.
Menkaure hits you!
You shoot an arrow. The arrow hits Menkaure.
Menkaure is moderately damaged.
Menkaure casts a spell at you.
You barely resist. You shoot an arrow.
The arrow hits Menkaure but does no damage.
Menkaure appears confused.
Menkaure is moderately damaged.
Menkaure hits you!
You die...

.....#.###.########
######.# #.# # #.#
#.####### .# . #.#
#.......###.##.. #.#
#####......... #.#
#...(.#.###(. #.#
#.........). #.#
#.......#
######.#######.M@..###
.............#####.#
#####..#####.# #.#
....#.## #.# #.# ###.#.#
#.#####.# # # #.#.#
#.......# .# #
#.#.############.# ####.#
# #.#........#
###.###....# #
#.########.###........#.#


You could see Menkaure (confused).

Vanquished Creatures
  Crazy Yiuf (D:2)
  Terence (D:2)
  An iguana (D:2)
  2 orc wizards (D:3)
  A gnoll (D:3)
  2 adders
  A white imp (D:3)
  3 dart slugs
  10 orcs
  4 endoplasms
  A giant cockroach (D:3)
  8 goblins
  10 hobgoblins
  5 jackals (D:3)
  4 quokkas
  8 ball pythons
  11 bats
  5 frilled lizards
  4 kobolds
  7 rats
89 creatures vanquished.

Vanquished Creatures (others)
  A fungus (D:4)
  A plant (D:4)
  A withered plant (D:2)
3 creatures vanquished.

Grand Total: 92 creatures vanquished

Notes
Turn   | Place    | Note
-------+----------+-------------------------------------------
     0 | D:1      | HoaS the Gargoyle Hunter began the quest for the Orb.
     0 | D:1      | Reached XP level 1. HP: 12/12 MP: 1/1
    70 | D:1      | Reached XP level 2. HP: 17/17 MP: 2/2
   169 | D:1      | Found Zuybihy's Magic Scroll Emporium.
   444 | D:1      | Reached XP level 3. HP: 19/21 MP: 3/3
   584 | D:1      | Reached skill level 5 in Ranged Weapons
   950 | D:2      | Noticed Terence
   959 | D:2      | Killed Terence
   960 | D:2      | Reached XP level 4. HP: 26/26 MP: 4/4
  1142 | D:2      | Found a faded altar of an unknown god.
  1157 | D:2      | Reached skill level 6 in Ranged Weapons
  1260 | D:2      | Found a runed translucent door.
  1261 | D:2      | Noticed Crazy Yiuf
  1824 | D:3      | Reached XP level 5. HP: 30/30 MP: 5/5
  2488 | D:3      | Reached skill level 7 in Ranged Weapons
  2991 | D:2      | HP: 1/30 [Crazy Yiuf/+2 quarterstaff of chaos (5)]
  2992 | D:2      | Killed Crazy Yiuf
  2993 | D:2      | Reached XP level 6. HP: 2/35 MP: 2/6
  3769 | D:4      | Noticed Menkaure
  3774 | D:4      | Slain by Menkaure

Illustrated notes

Levels and vault maps discovered:
D:1:      co_arrival_square_in_a_square_in_a_square, layout_basic, serial_shops,
          shop, st_stairs_7, item_on_display_a
D:2:      minmay_wonky_spiral, layout_basic, ebering_ecumenical_altar_petrified,
          grunt_ministairs_8, item_on_display_a, uniq_crazy_yiuf_cottage,
          uniq_terence
D:3:      layout_basic, minmay_quantized
D:4:      layout_loops_ring, dreamdust_mushroom_princess, corexii_shack,
          minivault_24, uniq_menkaure

Skill      XL: |  1  2  3  4  5 |
---------------+----------------+-----
Ranged Weapons | 5 6 7 |  7.3
Fighting       | |  2.1
Dodging        | |  1.5
Stealth        | |  1.1

Action                   |  1- 3 |  4- 6 || total
-------------------------+-------+-------++-------
 Fire: Shortbow          |    98 |   146 ||   244
  Use: Scroll            |     6 |     3 ||     9
Armor: Leather armour    |    27 |    27 ||    54
Dodge: Dodged            |    19 |    24 ||    43

Table legend: (Time is in decaauts)
 A = Elapsed time spent in this place.
 B = Non-inter-level travel time spent in this place.
 C = Inter-level travel time spent in this place.
 D = Time resting spent in this place.
 E = Time spent auto-exploring this place.
 F = Levels seen in this place.
 G = Mean time per level.
                   A        B        C        D        E       F      G
               +--------+--------+--------+--------+--------+-----+--------+
         Total |   3832 |   3607 |    225 |    471 |   2598 |   4 |  958.0 |
       Dungeon |   3832 |   3607 |    225 |    471 |   2598 |   4 |  958.0 |
               +--------+--------+--------+--------+--------+-----+--------+

Top non-repeatable levels by time:
     D:3: 1355 daAuts
     D:2: 1194 daAuts
     D:1: 681 daAuts
     D:4: 600 daAuts
